 Dungeon Crawl Stone Soup version 0.30.1-1-g62c8e00024 (webtiles) character file.

Game seed: 14869989119611075374

123 DwarfAlpaca the Trooper (level 5, -6/43 HPs)
             Began as a Formicid Monk on July 14, 2023.
             Was a Follower of Ru.
             Mangled by a sleepcap (12 damage)
             ... on level 4 of the Dungeon.
             The game lasted 00:13:56 (2846 turns).

DwarfAlpaca the Trooper (Formicid Monk)             Turns: 2846, Time: 00:13:57

Health: -6/43      AC:  5    Str: 17    XL:     5   Next: 29%
Magic:  5/5        EV:  2    Int: 10    God:    Ru [*.....]
Gold:   158        SH:  0    Dex: 16    Spells: 4/4 levels left

rFire   . . .        a - +0 spear
rCold   . . .        d - orb {light}
rNeg    . . .        b - +0 ring mail
rPois   .            (helmet unavailable)
rElec   .            (no cloak)
rCorr   .            (no gloves)
SInv    +            (no boots)
Will    .....        (no amulet)
Stlth   +            (no ring)
HPRegen 0.27/turn    (no ring)
MPRegen 0.09/turn

%: no passive effects
@: sleeping, glowing
A: permanent stasis, dig shafts and tunnels, antennae 3, no conjurations magic,
no earth magic, no hexes magic, four strong arms
a: Dig, Shaft Self, Renounce Religion


You were on level 4 of the Dungeon.
You worshipped Ru.
Ru was aware of your devotion.
You visited 1 branch of the dungeon, and saw 4 of its levels.

You collected 158 gold pieces.

Inventory:

Hand Weapons
 a - a +0 spear (weapon)
Armour
 b - a +0 ring mail (worn)
 d - an orb of light (worn)
Wands
 r - a wand of light (8)
Scrolls
 f - a scroll of blinking {unknown}
 g - 7 scrolls of identify {unknown}
 h - a scroll of enchant armour {unknown}
 i - 2 scrolls of fear {unknown}
 j - 3 scrolls of noise {unknown}
 k - 2 scrolls of poison {unknown}
 p - a scroll of vulnerability {unknown}
 q - a scroll of immolation {unknown}
Potions
 c - a potion of ambrosia
 e - a potion of magic {unknown}
 l - a potion of haste {unknown}
 m - 2 potions of heal wounds {unknown}
 n - a potion of brilliance {unknown}
 o - a potion of lignification {unknown}
 s - 2 potions of degeneration {unknown}


   Skills:
 + Level 4.3 Fighting
 + Level 4.1 Polearms
 + Level 2.6 Armour
 - Level 2.6 Dodging


You had 4 spell levels left.
You didn't know any spells.
Your spell library contained the following spells:

 Spells                   Type           Power      Damage    Failure   Level
 Ozocubu's Armour         Ice            0%         N/A       90%         3
 Simulacrum               Ice/Necr       0%         N/A       100%        6
 Metabolic Englaciation   Hex/Ice        Unusable   N/A       N/A         5

Dungeon Overview and Level Annotations

Branches:
Dungeon (4/15)
 Temple: D:4-7

Altars:
Qazlal
Ru

Shops:
D:3 [   D:4 *

Annotations:
D:3 1 runed translucent door, Crazy Yiuf


Innate Abilities, Weirdness & Mutations

You cannot be hasted, slowed, berserked, paralysed or teleported.
You can dig through walls and to a lower floor.
You have a pair of large antennae on your head. (SInv)
You cannot study or cast Conjurations magic.
You cannot study or cast Earth magic.
You cannot study or cast Hexes magic.
Your four strong arms can wield two-handed weapons with a shield.


Message History

The sleepcap is heavily damaged.
The sleepcap barely misses you.
You hit the sleepcap.
The sleepcap is severely damaged.
You hit the sleepcap.
The sleepcap is severely damaged.
The sleepcap releases spores at you.
You hit the sleepcap.
The sleepcap is almost destroyed.
The sleepcap releases spores at you.
You are engulfed in a cloud of soporific spores!
You fall asleep.
The sleepcap releases spores at you!
You wake up.
* * * LOW HITPOINT WARNING * * *
You are engulfed in a cloud of soporific spores!
You are unaffected.
You hit the sleepcap but do no damage.
The sleepcap is almost destroyed.
The sleepcap closely misses you.
You hit the sleepcap but do no damage.
The sleepcap is almost destroyed.
The sleepcap closely misses you.
You hit the sleepcap.
The sleepcap is almost destroyed.
The sleepcap releases spores at you.
* * * LOW HITPOINT WARNING * * *
You hit the sleepcap but do no damage.
The sleepcap is almost destroyed.
The sleepcap closely misses you.
You hit the sleepcap.
The sleepcap is almost destroyed.
The sleepcap releases spores at you but does no damage.
You hit the sleepcap but do no damage.
The sleepcap is almost destroyed.
The sleepcap releases spores at you.
* * * LOW HITPOINT WARNING * * *
You are engulfed in a cloud of soporific spores!
You fall asleep.
The sleepcap releases spores at you!
You die...

#.#### .## #.#..
.# ...##.#.# .#
#.#....#### .#
......#.. .. #
#....#.# .#
#.##.##.#.#.# .#
............###f#
#.#####.#.....@.#
#.######### #.#
#.# #.# ##.##
#####...##
#........#### ##
####.#..........
#.


You could see a sleepcap.

Vanquished Creatures
  A gnoll (D:1)
  4 adders
  A worm (D:2)
  3 dart slugs
  4 orcs (D:4)
  9 ball pythons
  3 bats
  8 endoplasms
  5 giant cockroaches
  3 goblins
  6 hobgoblins
  5 kobolds
  2 quokkas
  2 frilled lizards (D:2)
  3 rats
59 creatures vanquished.

Notes
Turn   | Place    | Note
-------+----------+-------------------------------------------
     0 | D:1      | DwarfAlpaca the Formicid Monk began the quest for the Orb.
     0 | D:1      | Reached XP level 1. HP: 18/18 MP: 1/1
   117 | D:1      | Reached XP level 2. HP: 19/24 MP: 2/2
   216 | D:1      | Reached skill level 1 in Armour
   559 | D:1      | Reached XP level 3. HP: 27/30 MP: 3/3
  1182 | D:2      | Reached XP level 4. HP: 28/37 MP: 4/4
  1646 | D:2      | Found a faded altar of an unknown god.
  2112 | D:3      | Found Uppeliuf's Antique Armour Shop.
  2318 | D:3      | Found a runed translucent door.
  2319 | D:3      | Noticed Crazy Yiuf
  2401 | D:4      | Found Xumu's Assorted Antiques.
  2418 | D:4      | Reached XP level 5. HP: 30/42 MP: 5/5
  2511 | D:4      | Found a sacrificial altar of Ru.
  2520 | D:4      | Became a worshipper of Ru the Awakened
  2528 | D:4      | Found a stormy altar of Qazlal.
  2530 | D:4      | Gained mutation: You cannot study or cast Earth magic. [Ru
                  | sacrifice]
  2530 | D:4      | Gained mutation: You cannot study or cast Hexes magic. [Ru
                  | sacrifice]
  2530 | D:4      | Gained mutation: You cannot study or cast Conjurations
                  | magic. [Ru sacrifice]
  2530 | D:4      | Reached * piety under Ru
  2846 | D:4      | Mangled by a sleepcap

Illustrated notes

Levels and vault maps discovered:
D:1:      lightli_arrival_isolated_outpost, layout_loops_corners,
          reono_crystal_passage
D:2:      layout_loops_cross, hellmonk_ecumenical_altar_prayer_group
D:3:      layout_basic, serial_shops, nicolae_shop_stone,
          uniq_crazy_yiuf_cottage
D:4:      layout_loops_corners, mainiacjoe_overflow_big_doors,
          cheibriados_altar_1, serial_shops, nicolae_shop_waterfront,
          minmay_shop_damaged

Skill      XL: |  1  2  3  4 |
---------------+-------------+-----
Armour         | 1 2 |  2.6
Fighting       | 4 |  4.3
Polearms       | 4 |  4.1
Dodging        | |  2.6

Action                     |  1- 3 |  4- 6 || total
---------------------------+-------+-------++-------
  Melee: Spear             |    98 |   120 ||   218
 Invoke: Sacrifice Arcana  |       |     1 ||     1
Ability: Dig               |       |     3 ||     3
 Armour: Robe              |     3 |     7 ||    10
         Ring mail         |       |     3 ||     3
  Dodge: Dodged            |    35 |    49 ||    84
